 Dungeon Crawl Stone Soup version 0.22-a0-379-ga9d99d6 (webtiles) character file.

2471 Alphaeus the Cudgeler (level 9, -3/130 HPs)
             Began as a Troll Berserker on Apr 29, 2018.
             Was a Priest of Trog.
             Slain by a killer bee (4 damage)
             ... on level 7 of the Dungeon.
             The game lasted 00:06:46 (5423 turns).

Alphaeus the Cudgeler (Troll Berserker)             Turns: 5423, Time: 00:06:47

Health: -3/130     AC:  7    Str: 32      XL:     9   Next: 26%
Magic:  8/8        EV: 11    Int:  4 (5)  God:    Trog [***...]
Gold:   303        SH:  0    Dex: 10      Spells: 8/8 levels left

rFire    . . .     SeeInvis .   f - +0 morningstar
rCold    . . .     Gourm    +   (no shield)
rNeg     . . .     Faith    .   b - +0 animal skin
rPois    .         Spirit   .   (helmet restricted)
rElec    .         Reflect  .   h - +1 cloak
rCorr    +         Harm     .   (gloves unavailable)
MR       ++...                  (boots unavailable)
Stlth    ..........             (no amulet)
HPRegen  1.71/turn              x - ring of flight
MPRegen  0.11/turn              k - ring of resist corrosion

@: berserking, lethally poisoned (-3 -> -14), regenerating, very quick
A: large, unfitting armour, claws 3, fast metabolism 3, gourmand, regeneration
1, shaggy fur 1, tough skin 2
a: Berserk, Trog's Hand, Renounce Religion, Evoke Flight


You were on level 7 of the Dungeon.
You worshipped Trog.
Trog was most pleased with you.
You were very full.

You visited 1 branch of the dungeon, and saw 7 of its levels.

You collected 303 gold pieces.

Inventory:

Hand Weapons
 a - a +0 mace
 f - a +0 morningstar (weapon)
 m - a +2 dire flail of protection
 r - a +1 mace of crushing
 w - a +0 flail
 A - a +0 mace of protection
Armour
 b - a +0 animal skin (worn)
 h - a +1 cloak (worn)
 y - a scarf of cloud immunity
Jewellery
 d - an uncursed ring of magical power
 k - a ring of resist corrosion (right claw)
 x - a ring of flight (left claw)
 C - an uncursed amulet of faith {unknown}
Wands
 t - a wand of acid (23)
 z - a wand of polymorph (10)
 B - a wand of scattershot (4)
Scrolls
 g - 2 scrolls of immolation {unknown}
 i - 7 scrolls of identify
 j - a scroll of random uselessness
 n - a scroll of amnesia
 q - a scroll of fear
 u - 2 scrolls of remove curse
 F - a scroll of teleportation
Potions
 e - a potion of heal wounds
 l - a potion of lignification {unknown}
 o - a potion of ambrosia {unknown}
 p - a potion of agility {unknown}
 s - a potion of magic {unknown}
 v - 2 potions of curing {unknown}
 D - a potion of brilliance {unknown}
Comestibles
 c - 8 rations
 E - a chunk of flesh


   Skills:
 + Level 4.9 Fighting
 * Level 7.3 Maces & Flails
 + Level 4.3 Throwing
 + Level 4.0 Armour
 + Level 4.9 Dodging


You had 8 spell levels left.
You didn't know any spells.

Dungeon Overview and Level Annotations

Branches:
Dungeon (7/15)             Temple (0/1) D:6

Altars:
Ashenzari
Makhleb
Sif Muna
Trog

Shops:
D:6 *


Innate Abilities, Weirdness & Mutations

You are too large for most types of armour.
You have claws for hands.
Your metabolism is lightning-fast.
You like to eat raw meat.
Your natural rate of healing is unusually fast.
You are covered in fur. (AC +1)
You have very tough skin. (AC +2)


Message History

The orc barely misses you.
You barely miss the orc.
You feel very sick.
The killer bee stings you but does no damage.
The killer bee barely misses you. The killer bee stings you.
* * * LOW HITPOINT WARNING * * *
The killer bee closely misses you. The killer bee stings you!
* * * LOW HITPOINT WARNING * * *
You miss the killer bee.
* * * LOW HITPOINT WARNING * * *
You feel very sick. The killer bee stings you.
* * * LOW HITPOINT WARNING * * *
The killer bee stings you.
* * * LOW HITPOINT WARNING * * *
The killer bee stings you but does no damage.
The killer bee closely misses you. The orc barely misses you.
The killer bee stings you but does no damage.
The killer bee stings you.
You die...

###. .. .........#
.... #.. ..........
#.. #.. #......... #.#
#........#
##..###......# #
#....##......## #.
###. #..........#
#..##..###...yo###....
##.#..##..รท..y@# .
###..(.........y.##
#..###.....####...#
..# ##..### #....# ..#
#..# #.....# ..# ##.#
#........ ..## #.##
#......## .#.## #..#
#.....## ###.####.##
...#.##


You could see 3 killer bees and an orc.

Vanquished Creatures
  The ghost of Alphaeus the Cudgeler, a novice TrBe of Trog (D:6)
  Grinder (D:6)
  Sigmund (D:3)
  Edmund (D:5)
  Menkaure (D:4)
  A sky beast (D:6)
  The ghost of wjh11 the Chopper, an amateur MiBe of Trog (D:3)
  2 bullfrogs (D:7)
  2 scorpions
  2 killer bees (D:7)
  A howler monkey (D:5)
  2 crimson imps (D:5)
  A bullfrog zombie (D:7)
  A centaur zombie (D:5)
  2 jellies (D:5)
  2 centaur skeletons
  A hound (D:5)
  Crazy Yiuf (D:5)
  3 orc priests
  A bullfrog skeleton (D:6)
  Terence (D:3)
  2 iguanas (D:5)
  3 orc wizards
  2 worker ants
  3 gnolls (D:3)
  9 adders
  A shadow imp (D:7)
  2 oozes (D:2)
  An adder skeleton (D:5)
  3 worms
  2 dart slugs
  6 leopard geckos
  13 orcs
  3 ball pythons
  7 giant cockroaches
  7 goblins
  8 hobgoblins
  7 jackals
  7 kobolds
  10 bats
  2 frilled lizards
  6 rats
133 creatures vanquished.

Notes
Turn   | Place    | Note
-------+----------+-------------------------------------------
     0 | D:1      | Alphaeus the Troll Berserker began the quest for the Orb.
     0 | D:1      | Reached XP level 1. HP: 22/22 MP: 0/0
   319 | D:1      | Reached XP level 2. HP: 29/29 MP: 1/1
   360 | D:1      | Reached skill level 3 in Maces & Flails
   766 | D:2      | Reached XP level 3. HP: 35/36 MP: 2/2
   793 | D:2      | Reached skill level 1 in Throwing
   867 | D:2      | Reached ** piety under Trog
   918 | D:2      | Reached XP level 4. HP: 41/44 MP: 3/3
   968 | D:2      | Reached skill level 1 in Armour
  1141 | D:2      | Found a deep blue altar of Sif Muna.
  1275 | D:3      | Noticed wjh11's ghost (amateur MiBe)
  1287 | D:3      | Killed wjh11's ghost
  1287 | D:3      | Reached XP level 5. HP: 11/53 MP: 4/4
  1384 | D:3      | Reached skill level 4 in Maces & Flails
  1415 | D:3      | Noticed Sigmund
  1486 | D:3      | Killed Sigmund
  1486 | D:3      | Reached XP level 6. HP: 47/61 MP: 5/5
  2061 | D:3      | Noticed Terence
  2072 | D:3      | Killed Terence
  2140 | D:4      | Found a burning altar of Makhleb.
  2323 | D:4      | Reached XP level 7. HP: 42/67 MP: 6/6
  2799 | D:4      | Noticed Menkaure
  2812 | D:4      | Killed Menkaure
  2812 | D:4      | Reached skill level 5 in Maces & Flails
  2974 | D:5      | Entered Level 5 of the Dungeon
  3140 | D:5      | Reached *** piety under Trog
  3349 | D:5      | Found a runed door.
  3381 | D:5      | Noticed Edmund
  3400 | D:5      | Killed Edmund
  3400 | D:5      | Reached XP level 8. HP: 63/78 MP: 7/7
  3887 | D:5      | Noticed Crazy Yiuf
  3890 | D:5      | Killed Crazy Yiuf
  3890 | D:5      | Reached skill level 6 in Maces & Flails
  3973 | D:6      | Noticed Alphaeus's ghost (novice TrBe)
  4006 | D:6      | Killed Alphaeus's ghost
  4247 | D:6      | Found Xaitouva's Assorted Antiques.
  4331 | D:6      | Noticed Grinder
  4336 | D:6      | Paralysed by Grinder for 6 turns
  4353 | D:6      | Killed Grinder
  4353 | D:6      | Reached skill level 7 in Maces & Flails
  4353 | D:6      | Reached XP level 9. HP: 85/85 MP: 8/8
  4633 | D:6      | Found a staircase to the Ecumenical Temple.
  4727 | D:6      | Found a shattered altar of Ashenzari.
  4934 | D:6      | Found a bloodstained altar of Trog.
  5422 | D:7      | HP: 6/130 [killer bee (9)]
  5423 | D:7      | HP: 1/130 [killer bee (3)]
  5423 | D:7      | Slain by a killer bee

Vault maps used:
D:1:      minmay_arrival_open_corners
D:2:      lemuel_crystal_altar
D:3:      first_ration, kennysheep_generic_room_16, uniq_sigmund, uniq_terence
D:4:      kennysheep_little_box, uniq_menkaure
D:5:      uniq_edmund, uniq_crazy_yiuf_cottage
D:6:      ashenzari_altar_1, minmay_temple_entry_overgrown, serial_shops, shop,
          trog_book, uniq_grinder
D:7:      grunt_ogre_cave, uniq_joseph

Skill      XL: |  1  2  3  4  5  6  7  8  9 |
---------------+----------------------------+-----
Maces & Flails | 3 4 5 7 |  7.3
Throwing       | 1 2 3 4 |  4.3
Armour         | 1 2 3 4 |  4.0
Fighting       | 3 4 |  4.9
Dodging        | 3 4 |  4.9

Action                   |  1- 3 |  4- 6 |  7- 9 || total
-------------------------+-------+-------+-------++-------
Melee: Mace              |   114 |   195 |   109 ||   418
       Morningstar       |       |       |   185 ||   185
Invok: Berserk           |       |     6 |     6 ||    12
       Trog's Hand       |       |     4 |     5 ||     9
  Use: Potion            |       |     1 |     3 ||     4
       Scroll            |       |       |     8 ||     8
 Stab: Distracted        |       |       |     1 ||     1
  Eat: Chunk             |    14 |    20 |    37 ||    71
Armor: Animal skin       |    90 |   133 |   112 ||   335
Dodge: Dodged            |    90 |   194 |   229 ||   513

Table legend:
 A = Spawn XP
 B = Non-spawn XP
 C = Spawn XP percentage of total XP
 D = Spawn monster count
 E = Non-spawn monster count
 F = Spawn count percentage of total count
 G = Total turns spent on level
                    A         B        C        D         E        F      G
               +---------+---------+-------+---------+---------+-------+---------
         Total |       0 |    3531 |   0.0 |       0 |     133 |   0.0 |  5423
               +---------+---------+-------+---------+---------+-------+---------
           D:1 |       0 |      28 |   0.0 |       0 |      15 |   0.0 |   695
           D:2 |       0 |     124 |   0.0 |       0 |      24 |   0.0 |   603
           D:3 |       0 |     518 |   0.0 |       0 |      30 |   0.0 |   835
           D:4 |       0 |     335 |   0.0 |       0 |      16 |   0.0 |   841
           D:5 |       0 |     783 |   0.0 |       0 |      28 |   0.0 |   997
           D:6 |       0 |    1370 |   0.0 |       0 |      12 |   0.0 |  1122
           D:7 |       0 |     373 |   0.0 |       0 |       8 |   0.0 |   330
               +---------+---------+-------+---------+---------+-------+---------
